 Dungeon Sprint DCSS version 0.15.2 (webtiles) character file.

15 dck the Slasher (level 2, -3/31 HPs)
             Began as an Octopode Berserker on Nov 4, 2014.
             Was a Priest of Trog.
             Slain by an ice beast (14 damage)
             ... in the Dungeon (Sprint VII: "The Pits").
             The game lasted 00:00:57 (254 turns).

dck the Slasher (Octopode Berserker)                 Turns: 254, Time: 00:00:57

HP  -3/31        AC  1     Str 21      XL: 2   Next: 50%
MP   2/2         EV 12     Int  9      God: Trog [***...]
Gold 0           SH  0     Dex 11      Spells:  0 memorised,  1 level left

rFire  . . .     SeeInvis .     a - +2 falchion
rCold  . . .     Clarity  .     (no shield)
rNeg   . . .     rCorr    .     (helmet restricted)
rPois  .         rRot     .     (no amulet)
rElec  .         Spirit   .     (no ring)
SustAb .         Warding  .     (no ring)
rMut   .         NoTele   +     (no ring)
Gourm  .                        (no ring)
MR     .....                    (no ring)
                                (no ring)
                                (no ring)
                                (no ring)

@: berserking, very quick, not resistant to hostile enchantments, extremely
unstealthy
A: almost no armour, amphibious, 8 rings, constrict 8, camouflage 1, gelatinous
body 1
a: Burn Spellbooks, Berserk, Trog's Hand, Renounce Religion


You were in the Dungeon.
You worshipped Trog.
Trog was most pleased with you.
You were not hungry.

You visited 1 branch


Innate Abilities, Weirdness & Mutations

You cannot wear most types of armour.
You are amphibious.
You can wear up to eight rings at the same time.
You can use your tentacles to constrict many enemies at once.
Your skin changes colour to match your surroundings (Stealth).
Your rubbery body absorbs attacks (AC +1).


   Skills:
 - Level 3.0 Fighting
 + Level 5.7 Long Blades
 - Level 3.0 Dodging


You had one spell level left.
You didn't know any spells.

Inventory:

Hand weapons
 a - a +2 falchion (weapon)
 b - a +2 dagger of venom
Missiles
 p - 10 stones (quivered)
Comestibles
 c - 8 bread rations
 j - 40 fruits
 k - 7 meat rations
Scrolls
 i - a scroll of blinking
 m - 2 scrolls of vulnerability
 n - 3 scrolls of remove curse
 o - a scroll of summoning
Potions
 e - a potion of heal wounds
 f - a potion of haste
 g - 4 potions of magic
 h - 3 potions of berserk rage
 l - 2 potions of invisibility

Dungeon Overview and Level Annotations

Branches:
Dungeon (1/1)

Altars:

#####+#############
#)))).'..##.........
#..)#.#?|##......#..
#######'#####.........
#..........)'.........
#+#####'#####......#..
#..#..#..##.........
#.)@..)..#####'#####
##Y####+###.......#
#...SZ...##.......#
#...s....##.......#
#####+#####...<...#
#.......# #.......#
#.......# #########


You could see an ice beast.


Message History

Trog accepts your kill.
There is an open door here.
Things that are here:
a club; a hobgoblin corpse You offer a prayer to Trog.
The hobgoblin corpse is consumed in a column of flame.
Trog is most pleased with you.
There is an open door here.
There is an open door here.
You start resting.
HP restored.
You open the door.
A ball python, a giant cockroach, an ice beast and a zombie come into view.
There is an open door here.
There is an open door here.
There is an open door here.
There is an open door here.
Use which ability? (? or * to list)
A red film seems to cover your vision as you go berserk!
You feel yourself moving faster!
You feel mighty!
You feel somewhat more hungry. The ice beast barely misses you.
You hit the ice beast but do no damage. The ice beast hits you.
The ice beast freezes you!
You barely miss the ice beast. Your squeeze misses the ice beast.
You hit the ice beast.
The ice beast is lightly wounded.
The ice beast hits you.
* * * LOW HITPOINT WARNING * * *
The ice beast freezes you!
You die...

Action                   || total
-------------------------++-------
Melee: Falchion          ||    15
Invok: Berserk           ||     1
  Use: Potion            ||     1

Vault maps used:
D:        pitsprint

Notes
Turn   | Place    | Note
--------------------------------------------------------------
     0 | D        | dck, the Octopode Berserker, began the quest for the Orb.
     0 | D        | Reached XP level 1. HP: 16/16 MP: 1/1
    52 | D        | Reached skill level 4 in Long Blades
    57 | D        | Acquired Trog's second power
    60 | D        | Reached XP level 2. HP: 5/21 MP: 2/2
   169 | D        | Reached skill level 5 in Long Blades
   247 | D        | Noticed an ice beast
   254 | D        | Slain by an ice beast

Vanquished Creatures
  A giant mite (D)
  2 orcs (D)
  2 hobgoblins (D)
  A quokka (D)
6 creatures vanquished.
